 Dungeon Crawl Stone Soup version 0.27.1-1-g398f81649c (webtiles) character file.

Game seed: 8799077770342487945

7128 pkoi the Destroyer (level 10, -8/69 HPs)
             Began as a Red Draconian Conjurer on Sept 14, 2021.
             Was a Priest of Vehumet.
             Shot with an arrow by a centaur warrior (12 damage)
             ... on level 9 of the Dungeon.
             The game lasted 00:19:17 (11896 turns).

pkoi the Destroyer (Red Draconian Conjurer)        Turns: 11896, Time: 00:19:17

Health: -8/69      AC:  8    Str:  9    XL:     10   Next: 85%
Magic:  24/28      EV: 12    Int: 22    God:    Vehumet [***...]
Gold:   448        SH:  0    Dex: 10    Spells: 4/21 levels left

rFire    + . .     SeeInvis .   l - +6 war axe "Cocus" {freeze, rN++ rCorr MP+9}
rCold    . . .     Faith    .   (no shield)
rNeg     + + .     Spirit   .   (armour unavailable)
rPois    +         Reflect  .   (helmet restricted)
rElec    .         Harm     .   h - +0 cloak
rCorr    +         Rampage  .   (no gloves)
Will     .....                  (no boots)
Stlth    ++........             (no amulet)
HPRegen  0.21/turn              a - ring of poison resistance
MPRegen  0.21/turn              t - ring of wizardry

@: no status effects
A: breathe fire, AC +7, unfitting armour, fire resistance 1, cold-blooded
a: Breathe Fire, Renounce Religion


You were on level 9 of the Dungeon.
You worshipped Vehumet.
Vehumet was most pleased with you.
You visited 2 branches of the dungeon, and saw 10 of its levels.
You also visited: Ossuary.

You collected 448 gold pieces.

Inventory:

Hand Weapons
 b - a +0 short sword
 d - a +1 whip of draining
 f - a +3 whip
 l - the +6 war axe "Cocus" (weapon) {freeze, rN++ rCorr MP+9}
   (You found it on level 4 of the Dungeon)

   It freezes those it strikes, dealing additional cold damage.
   It can also slow down cold-blooded creatures.
   rN:        It greatly protects you from negative energy.
   MP:        It affects your magic capacity (+9).
   rCorr:     It protects you from acid and corrosion.
 v - a +2 dagger of venom
Missiles
 c - 51 poisoned darts
Armour
 h - a +0 cloak (worn)
Jewellery
 a - a ring of poison resistance (left hand)
 t - a ring of wizardry (right hand)
Wands
 n - a wand of flame (32)
Scrolls
 s - a scroll of blinking
 u - 2 scrolls of enchant armour
 w - a scroll of identify
Potions
 e - a potion of brilliance {unknown}
 g - 4 potions of curing {unknown}
 i - 2 potions of mutation
 j - a potion of flight
 k - a potion of berserk rage
 m - a potion of cancellation {unknown}
 o - 2 potions of attraction {unknown}
 p - 2 potions of lignification {unknown}
 q - 6 potions of heal wounds {unknown}
 r - a potion of degeneration {unknown}


   Skills:
 - Level 1.7 Dodging
 - Level 1.7 Stealth
 + Level 6.4 Spellcasting
 + Level 11.3 Conjurations
 - Level 4.8 Hexes
 - Level 4.7 Translocations
 + Level 6.4 Fire Magic
 + Level 5.9 Earth Magic


You had 4 spell levels left.
You knew the following spells:

 Your Spells              Type           Power      Damage    Failure   Level
a - Magic Dart            Conj           100%       1d8       1%          1
b - Searing Ray           Conj           100%       3d7       1%          2
c - Dazzling Flash        Conj/Hex       84%        N/A       1%          3
d - Blink                 Tloc           N/A        N/A       1%          2
e - Iron Shot             Conj/Erth      22%        9d5       4%          6
f - Inner Flame           Hex/Fire       31%        N/A       1%          3

Your spell library contained the following spells:

 Spells                   Type           Power      Damage    Failure   Level
 Olgreb's Toxic Radiance  Pois           7%         N/A       10%         4
 Shock                    Conj/Air       100%       1d9       1%          1
 Fulminant Prism          Conj/Hex       21%        3d13      1%          4
 Iskenderun's Mystic Bla  Conj/Tloc      42%        2d10      1%          4
 Summon Guardian Golem    Hex/Summ       17%        N/A       4%          3
 Airstrike                Air            3%         N/A       10%         4
 Ozocubu's Armour         Ice            7%         N/A       11%         3
 Swiftness                Air            7%         N/A       11%         3
 Lee's Rapid Deconstruct  Erth           16%        3d11*     2%          5
 Orb of Destruction       Conj           27%        9d11      8%          7
 Manifold Assault         Tloc           28%        N/A       14%         5
 Metabolic Englaciation   Hex/Ice        8%         N/A       32%         5
 Spellforged Servitor     Conj/Summ      15%        N/A       52%         7
 Blade Hands              Tmut           3%         N/A       65%         5
 Simulacrum               Ice/Necr       3%         N/A       99%         6
 Storm Form               Tmut/Air       3%         N/A       100%        7
 Animate Armour           Summ/Erth      Unusable   N/A       N/A         4

Dungeon Overview and Level Annotations

Branches:
Dungeon (9/15)             Temple (1/1) D:5            Lair (0/6) D:9
Ossuary (visited)
    Orc: D:9-12

Altars:
Ashenzari
Cheibriados
Dithmenos
Elyvilon
Fedhas
Gozag
Hepliaklqana
Kikubaaqudgha
Makhleb
Nemelex Xobeh
Okawaru
Qazlal
Ru
Sif Muna
Trog
Uskayaw
Vehumet
Wu Jian
Xom
Zin
The Shining One


Innate Abilities, Weirdness & Mutations

You can breathe blasts of fire.
Your fiery red scales are hard. (AC +7)
You cannot fit into any form of body armour.
Your flesh is heat resistant. (rF+)
You are cold-blooded and may be slowed by cold attacks.


Message History

The searing ray misses the acid dragon. (Press . to maintain the ray.)
A centaur warrior comes into view.
Unknown command.
The searing ray hits the acid dragon!
The acid dragon is moderately wounded.
The centaur warrior wields a +0 shortbow.
The centaur warrior shoots an arrow.
The arrow hits you!!
The searing ray misses the acid dragon.
The acid dragon closely misses you. The acid dragon claws you.
The searing ray hits the acid dragon!
The acid dragon is almost dead.
You finish channeling your searing ray.
The acid dragon bites you but does no damage.
The acid dragon misses you.
Unknown command.
You hit the acid dragon but do no damage.
The acid dragon is almost dead.
The centaur warrior shoots an arrow.
The arrow hits you!!
* * * LOW HITPOINT WARNING * * *
The acid dragon spits acid at you. The splash of acid hits you. You resist.
* * * LOW HITPOINT WARNING * * *
You are splashed with acid.
You resist.
* * * LOW HITPOINT WARNING * * *
The centaur warrior shoots an arrow.
The arrow hits you.
* * * LOW HITPOINT WARNING * * *
Okay, then.
Unknown command.
The centaur warrior shoots an arrow.
The arrow hits you!
* * * LOW HITPOINT WARNING * * *
You hit the acid dragon but do no damage.
The acid dragon is almost dead.
The centaur warrior shoots an arrow.
The arrow hits you.
* * * LOW HITPOINT WARNING * * *
The acid dragon bites you but does no damage.
The acid dragon claws you.
* * * LOW HITPOINT WARNING * * *
The centaur warrior shoots an arrow.
The arrow hits you!
You die...

#.Y..............#.#
#..#...#......@........
##...#..##..####D........
........#...# ##........
...........#. ...c.....
..... ..... .. ......)#.#
... ...........
#........... .........(..
...........##


You could see a centaur warrior and an acid dragon (catching breath).

Vanquished Creatures
  3 two-headed ogres
  Pikel (D:6)
  A wyvern (D:9)
  A yak (D:8)
  Eustachio (D:6)
  2 basilisks (D:9)
  A steam dragon (D:8)
  6 water moccasins
  2 ice beasts
  An orc warrior (D:8)
  A sky beast (D:8)
  A black bear (D:8)
  A necrophage (D:6)
  5 centaurs
  5 ogres
  2 lemures (D:6)
  An elf zombie (Ossuary)
  2 kobold brigands
  Blork the orc (D:6)
  2 scorpions (D:5)
  A wyvern skeleton (D:7)
  A killer bee (D:7)
  13 wights
  2 centaur zombies
  Crazy Yiuf (D:3)
  A bullfrog zombie (D:5)
  2 hounds
  2 centaur skeletons (D:5)
  A gnoll shaman (D:5)
  3 iguanas
  8 orc wizards
  A killer bee zombie (D:7)
  2 mummies (Ossuary)
  4 gnolls
  2 river rats (D:3)
  9 adders
  A shadow imp (D:6)
  2 white imps
  3 adder skeletons (D:4)
  An adder zombie (Ossuary)
  A worm (D:3)
  7 dart slugs
  27 orcs
  4 bats
  9 endoplasms
  3 giant cockroaches (D:1)
  A goblin (D:1)
  6 hobgoblins
  4 quokkas
  13 ball pythons
  5 frilled lizards
  3 goblin zombies
  14 hobgoblin zombies (Ossuary)
  4 jackal zombies (Ossuary)
  10 kobolds
  7 kobold zombies (Ossuary)
  6 orc zombies (Ossuary)
  9 rats
  2 rat zombies
235 creatures vanquished.

Vanquished Creatures (others)
  An orc (D:8)
  2 fungi (D:9)
  17 plants
20 creatures vanquished.

Grand Total: 255 creatures vanquished

Notes
Turn   | Place    | Note
-------+----------+-------------------------------------------
     0 | D:1      | pkoi the Draconian Conjurer began the quest for the Orb.
     0 | D:1      | Reached XP level 1. HP: 14/14 MP: 3/3
   233 | D:1      | Reached XP level 2. HP: 14/20 MP: 1/5
   444 | D:1      | Learned a level 2 spell: Searing Ray
   882 | D:1      | Reached skill level 5 in Conjurations
  1069 | D:1      | Reached XP level 3. HP: 26/26 MP: 4/6
  1181 | D:1      | Found a faded altar of an unknown god.
  2184 | D:2      | Reached XP level 4. HP: 33/33 MP: 1/7
  2249 | D:2      | Found a bloodstained altar of Trog.
  2847 | D:3      | Learned a level 3 spell: Dazzling Flash
  2895 | D:3      | Found an ornate altar of the Wu Jian Council.
  3026 | D:3      | Found an iron altar of Okawaru.
  3371 | D:3      | Found a runed translucent door.
  3372 | D:3      | Noticed Crazy Yiuf
  3522 | D:3      | Reached XP level 5. HP: 29/35 MP: 9/9
  3596 | D:3      | Reached skill level 6 in Conjurations
  3857 | D:3      | Killed Crazy Yiuf
  3858 | D:3      | Reached skill level 1 in Hexes
  4194 | D:4      | Found a glowing silver altar of Zin.
  4316 | D:4      | Noticed an ogre
  4320 | D:4      | Killed an ogre
  4321 | D:4      | Reached XP level 6. HP: 45/45 MP: 5/10
  4445 | D:4      | Identified the +6 war axe "Cocus" {freeze, rN++ rCorr MP+9}
  4688 | D:4      | Learned a level 2 spell: Blink
  4939 | D:5      | Entered Level 5 of the Dungeon
  4957 | D:5      | Reached skill level 1 in Translocations
  5084 | D:5      | Reached skill level 7 in Conjurations
  5119 | D:5      | Found a snail-covered altar of Cheibriados.
  5125 | D:5      | Your scales start taking on a fiery red colour.
  5125 | D:5      | Reached XP level 7. HP: 50/50 MP: 12/12
  5125 | D:5      | Gained mutation: Your flesh is heat resistant. (rF+) [Red
                  | Draconian growth]
  5159 | D:5      | Found a staircase to the Ecumenical Temple.
  5180 | Temple   | Entered the Ecumenical Temple
  5232 | Temple   | Became a worshipper of Vehumet
  5994 | D:5      | Found a sparkling altar of Nemelex Xobeh.
  6003 | D:5      | Found an ancient bone altar of Kikubaaqudgha.
  6256 | D:6      | Found a sacrificial altar of Ru.
  6274 | D:6      | Reached XP level 8. HP: 57/57 MP: 14/14
  6296 | D:6      | Noticed Eustachio
  6304 | D:6      | Reached skill level 8 in Conjurations
  6309 | D:6      | Killed Eustachio
  6796 | D:6      | Noticed Pikel
  6810 | D:6      | Killed Pikel
  6811 | D:6      | Reached skill level 5 in Spellcasting
  6811 | D:6      | Reached skill level 9 in Conjurations
  6817 | D:6      | Noticed Blork the orc
  6820 | D:6      | Killed Blork the orc
  6821 | D:6      | Reached XP level 9. HP: 61/62 MP: 15/16
  7251 | D:7      | Reached * piety under Vehumet
  7251 | D:7      | Offered knowledge of Foxfire by Vehumet.
  7382 | D:7      | Found a burning altar of Makhleb.
  7565 | D:7      | Found a shimmering altar of Xom.
  7602 | D:7      | Found a sand-covered staircase.
  7609 | Ossuary  | Entered an ossuary
  7652 | Ossuary  | Learned a level 6 spell: Iron Shot
  7695 | Ossuary  | Reached ** piety under Vehumet
  7702 | Ossuary  | Offered knowledge of Freeze by Vehumet.
  8135 | Ossuary  | Reached skill level 1 in Earth Magic
  8393 | D:7      | Reached skill level 10 in Conjurations
  8666 | D:7      | Offered knowledge of Inner Flame by Vehumet.
  8794 | D:7      | Learned a level 3 spell: Inner Flame
  9126 | D:8      | Reached skill level 1 in Fire Magic
  9330 | D:8      | Noticed a two-headed ogre
  9330 | D:8      | Reached *** piety under Vehumet
  9335 | D:8      | Killed a two-headed ogre
  9336 | D:8      | Reached XP level 10. HP: 34/69 MP: 15/18
  9750 | D:8      | Found a shadowy altar of Dithmenos.
 10273 | D:9      | Found a staircase to the Lair.
 11063 | D:9      | Reached skill level 5 in Fire Magic
 11136 | D:8      | Reached skill level 5 in Earth Magic
 11461 | D:9      | Found a white marble altar of Elyvilon.
 11511 | D:9      | Noticed a two-headed ogre
 11520 | D:9      | Killed a two-headed ogre
 11521 | D:9      | Reached skill level 11 in Conjurations
 11719 | D:9      | Noticed a two-headed ogre
 11735 | D:9      | Killed a two-headed ogre
 11745 | D:9      | Offered knowledge of Olgreb's Toxic Radiance by Vehumet.
 11890 | D:9      | Noticed a centaur warrior
 11896 | D:9      | Shot with an arrow by a centaur warrior

Illustrated notes

Levels and vault maps discovered:
D:1:      scummos_arrival_forest, layout_basic, chequers_ecumenical_altar_simple
D:2:      layout_basic, basic_altar
D:3:      layout_loops_ring, okawaru_ov_weapons_minmay,
          nicolae_wu_jian_immortal_techniques, portal_sewer_entry_b,
          st_stairs_10, minmay_misc_feat_doors, uniq_crazy_yiuf_cottage
D:4:      layout_loops_cross, old_standard_altar, minmay_quantized
D:5:      layout_loops_ring, cheibriados_altar_1, mainiacjoe_overflow_swirl,
          minmay_temple_entry_gardened_gates, chequers_serial_rivers_small_3,
          st_stairs_10, kennysheep_pointless_box
D:6:      layout_loops_ring, nicolae_ru_sacrificial_ziggurat, uniq_pikel,
          uniq_eustachio, uniq_blork_the_orc
D:7:      layout_rooms, mainiacjoe_overflow_paths, marbit_many_paths,
          enter_ossuary_4, kennysheep_big_empty_room
D:8:      layout_basic, lemuel_round_altar
D:9:      layout_cave_pools, elyvilon_altar_5, minmay_lair_entry_grove
Temple:   cyrus_temple_forest

Skill      XL: |  1  2  3  4  5  6  7  8  9 10 |
---------------+-------------------------------+-----
Conjurations   | 5 6 7 9 10 11 | 11.3
Hexes          | 1 2 3 4 |  4.8
Spellcasting   | 3 4 5 6 |  6.4
Translocations | 1 2 4 |  4.7
Earth Magic    | 3 5 |  5.9
Fire Magic     | 3 6 |  6.4
Dodging        | |  1.7
Stealth        | |  1.7

Action                   |  1- 3 |  4- 6 |  7- 9 | 10-12 || total
-------------------------+-------+-------+-------+-------++-------
Melee: Unarmed           |     9 |       |       |       ||     9
       Short sword       |    61 |    29 |       |       ||    90
       Tailslap          |     5 |     4 |    10 |       ||    19
       Whip              |       |    10 |       |       ||    10
       War axe           |       |    13 |   104 |    41 ||   158
 Cast: Magic Dart        |    54 |    38 |    57 |    11 ||   160
       Searing Ray       |       |     9 |    40 |    22 ||    71
       Inner Flame       |       |       |     6 |       ||     6
 Abil: Breathe Fire      |       |       |     1 |     2 ||     3
  Use: Scroll            |       |     8 |     3 |       ||    11
 Stab: Sleeping          |     1 |       |     1 |       ||     2
Armor: Skin              |    25 |    12 |    53 |    31 ||   121
Dodge: Dodged            |    42 |    40 |    71 |    53 ||   206
